 Dungeon Crawl Stone Soup version 0.25.1-2-g60ff931df9 (webtiles) character file.

Game seed: 14813881555388849842

123 DearestLeader the Ducker (level 4, -13/35 HPs)
             Began as a Demonspawn Gladiator on Oct 17, 2020.
             Was an Initiate of Okawaru.
             Mangled by an ogre
             ... wielding a +0 giant spiked club
              (14 damage)
             ... on level 3 of the Dungeon.
             The game lasted 00:04:00 (2375 turns).

DearestLeader the Ducker (Demonspawn Gladiator)     Turns: 2375, Time: 00:04:00

Health: -13/35     AC: 10    Str: 16    XL:     4   Next: 80%
Magic:  4/4        EV:  8    Int:  9    God:    Okawaru [......]
Gold:   160        SH:  0    Dex: 14    Spells: 3/3 levels left

rFire    . . .     SeeInvis .   l - +2 mace (vorpal)
rCold    . . .     Gourm    .   (no shield)
rNeg     . . .     Faith    .   k - +0 chain mail
rPois    .         Spirit   .   c - +0 helmet
rElec    .         Reflect  .   (no cloak)
rCorr    .         Harm     .   (no gloves)
MR       .....                  (no boots)
Stlth    ..........             (no amulet)
HPRegen  0.11/turn              (no ring)
MPRegen  0.09/turn              (no ring)

@: no status effects
A: nightstalker 1
a: Renounce Religion


You were on level 3 of the Dungeon.
You worshipped Okawaru.
Okawaru was noncommittal.
You were not hungry.

You visited 1 branch of the dungeon, and saw 3 of its levels.

You collected 160 gold pieces.

Inventory:

Hand Weapons
 a - a +0 war axe
 l - a +2 vorpal mace (weapon)
Missiles
 d - 3 throwing nets (quivered)
Armour
 b - a scarf of harm
 c - a +0 helmet (worn)
 k - a +0 chain mail (worn)
Scrolls
 h - a scroll of immolation
 j - a scroll of fear
 m - a scroll of remove curse
Potions
 e - a potion of ambrosia
 i - 2 potions of curing
 n - a potion of heal wounds
 p - a potion of flight {unknown}
Comestibles
 f - 4 rations
 g - 3 chunks of flesh


   Skills:
 - Level 3.0 Fighting
 - Level 2.6(2.7) Axes
 * Level 0.5(1.7) Maces & Flails
 - Level 1.7 Throwing
 + Level 2.5 Armour
 - Level 3.4 Dodging


You had 3 spell levels left.
You didn't know any spells.
Your spell library was empty.

Dungeon Overview and Level Annotations

Branches:
Dungeon (3/15)

Altars:
Gozag
Okawaru
Sif Muna
Uskayaw


Innate Abilities, Weirdness & Mutations

You are slightly more attuned to the shadows.


Message History

You hit the ogre.
The ogre is lightly wounded.
The ogre barely misses you.
You hit the ogre.
The ogre is moderately wounded.
The ogre hits you with a +0 giant spiked club!
Your chain mail prevents you from hitting the ogre.
The ogre is moderately wounded.
The ogre hits you with a +0 giant spiked club!!
Ouch! That really hurt!
* * * LOW HITPOINT WARNING * * *
A quokka comes into view.
The quokka closely misses you. x2
You hear the slow rusting of a very distant drain.
The quokka bites you but does no damage.
The quokka bites you.
* * * LOW HITPOINT WARNING * * *
The quokka bites you but does no damage.
The ogre hits you with a +0 giant spiked club!
You die...

......... #.#.....##
#. ........# #..
###.......# #.#####
.........# #...... ##
#..#.##.# #.....# #.
#.@.###.## #.....#
#.##..O.....# #.(....
#.....r.....# #..##.#
#....<......####..#..#
###...................
#...#........#..#.#.
#.#.##...##..#..).#.
#.#.##...##..#....#.
#.#..........#.#....


You could see an ogre and a quokka.

Vanquished Creatures
  A worker ant (D:2)
  A hound zombie (D:2)
  2 adders (D:2)
  2 worms (D:2)
  2 dart slugs (D:2)
  2 leopard geckos
  5 giant cockroaches
  10 hobgoblins
  8 jackals
  2 ball pythons (D:1)
  3 bats
  3 frilled lizards (D:1)
  7 goblins
  2 kobolds (D:2)
  5 rats
55 creatures vanquished.

Notes
Turn   | Place    | Note
-------+----------+-------------------------------------------
     0 | D:1      | DearestLeader the Demonspawn Gladiator began the quest for
                  | the Orb.
     0 | D:1      | Reached XP level 1. HP: 16/16 MP: 1/1
   266 | D:1      | Gained mutation: You are slightly more attuned to the
                  | shadows. [demonic ancestry]
   266 | D:1      | Reached XP level 2. HP: 21/22 MP: 2/2
   621 | D:1      | Reached skill level 1 in Armour
  1335 | D:2      | Reached XP level 3. HP: 25/28 MP: 3/3
  1512 | D:2      | Found a shimmering blue altar of Sif Muna.
  1512 | D:2      | Found an iron altar of Okawaru.
  1513 | D:2      | Found a hide-covered altar of Uskayaw.
  1525 | D:2      | Became a worshipper of Warmaster Okawaru
  1556 | D:2      | Found an opulent altar of Gozag.
  1639 | D:2      | Reached XP level 4. HP: 34/34 MP: 4/4
  2350 | D:3      | Noticed an ogre
  2369 | D:3      | HP: 1/35 [quokka (3)]
  2375 | D:3      | Mangled by an ogre

Illustrated notes

Levels and vault maps discovered:
D:1:      roderic_crop_circles_arrival_small, layout_loops_ring
D:2:      layout_loops_ring, chequers_temple_overflow_statue_of_worship,
          nicolae_gozag_cash_rules_everything_around_me
D:3:      layout_basic, first_ration, portal_sewer_entry_d

Skill      XL: |  1  2  3  4 |
---------------+-------------+-----
Dodging        | 3 |  3.4
Armour         | 1 2 |  2.5
Fighting       | 3 |  3.0
Axes           | |  2.6
Maces & Flails | |  0.5
Throwing       | |  1.7

Action                   |  1- 3 |  4- 6 || total
-------------------------+-------+-------++-------
Melee: War axe           |    60 |       ||    60
       Mace              |    63 |    41 ||   104
  Use: Potion            |     2 |       ||     2
       Scroll            |       |     4 ||     4
  Eat: Chunk             |     2 |     3 ||     5
Armor: Leather armour    |     4 |       ||     4
       Ring mail         |     6 |       ||     6
       Chain mail        |   107 |    18 ||   125
Dodge: Dodged            |    78 |    18 ||    96
